 Dungeon Crawl Stone Soup version 0.31-a0-868-g674d60d6f7 (webtiles) character file.

Game seed: 17064706942271884212

17 retardedninja the Firebug (level 2, -3/15 HPs)
             Began as a Gargoyle Fire Elementalist on Oct 11, 2023.
             Shot with a sling bullet by a gnoll (8 damage)
             ... on level 1 of the Dungeon.
             The game lasted 00:00:43 (497 turns).

retardedninja the Firebug (GrFE)                     Turns: 497, Time: 00:00:43

Health: -3/15      AC:  4    Str: 11    XL:     2   Next: 62%
Magic:  0/5        EV: 12    Int: 15    God:
Gold:   48         SH:  0    Dex: 10    Spells: 4/5 levels left

rFire   . . .        (no weapon)
rCold   . . .        (no shield)
rNeg    + . .        a - +0 robe
rPois   ∞            (no helmet)
rElec   +            (no cloak)
rCorr   .            (no gloves)
SInv    .            (no boots)
Will    .....        (no amulet)
Stlth   ++           (no ring)
HPRegen 0.22/turn    (no ring)
MPRegen 0.09/turn

%: no passive effects
@: no status effects
A: sickness immunity, AC +2, negative energy resistance 1, electricity
resistance, torment resistance 1, petrification resistance
a: no special abilities


You were on level 1 of the Dungeon.
You visited 1 branch of the dungeon, and saw 1 of its levels.

You collected 48 gold pieces.

Inventory:

Armour
 a - a +0 robe (worn)
Potions
 b - a potion of magic


   Skills:
 + Level 1.8 Dodging
 + Level 2.5 Stealth
 + Level 2.2 Spellcasting
 + Level 1.5 Conjurations
 + Level 3.2 Fire Magic


You had 4 spell levels left.
You knew the following spells:

 Your Spells              Type           Power      Damage    Failure   Level
a - Foxfire               Conj/Fire      32%        2x1d5     9%          1

Your spell library contained the following spells:

 Spells                   Type           Power      Damage    Failure   Level
 Scorch                   Fire           22%        2d5       9%          2
 Inner Flame              Hex/Fire       6%         N/A       34%         3
 Volatile Blastmotes      Fire/Tloc      12%        2d11      34%         3
 Flame Wave               Conj/Fire      8%         2d5       63%         4


Dungeon Overview and Level Annotations

Branches:
Dungeon (1/15)

Altars:


Innate Abilities, Weirdness & Mutations

You are immune to sickness and miasma.
Your stone body is resilient. (AC +2)
You are immune to poison.
You resist negative energy. (rN+)
You are resistant to electric shocks. (rElec)
You are resistant to unholy torment.
You are immune to petrification.


Message History

The gnoll shoots a sling bullet.
The sling bullet hits you.
The gnoll shoots a sling bullet.
The sling bullet closely misses you.
The gnoll shoots a sling bullet.
The sling bullet hits you.
There is an abandoned shop here.
The gnoll shoots a sling bullet.
The sling bullet hits you.
* * * LOW HITPOINT WARNING * * *
The gnoll shoots a sling bullet.
The sling bullet misses you.
Casting: Foxfire (safe; 9% risk of failure)
Press: ? - help, Q - select action Dir - look around, f - activate You conjure some foxfire!
The foxfire hits the gnoll.
The gnoll is lightly wounded.
Casting: Foxfire (safe; 9% risk of failure)
Press: ? - help, Q - select action Dir - look around, f - activate You conjure some foxfire!
The foxfire hits the gnoll.
The gnoll is lightly wounded.
You don't have enough magic to cast this spell.
The foxfire hits the gnoll.
The gnoll is moderately wounded.
The foxfire hits the gnoll.
The gnoll is heavily wounded.
The gnoll shoots a sling bullet.
The sling bullet misses you.
You don't have enough magic to cast this spell.
Unknown command.
The gnoll shoots a sling bullet.
The sling bullet closely misses you.
The gnoll shoots a sling bullet.
The sling bullet hits you.
* * * LOW HITPOINT WARNING * * *
The gnoll shoots a sling bullet.
The sling bullet closely misses you.
Casting: Foxfire (safe; 9% risk of failure)
Press: ? - help, Q - select action Dir - look around, f - activate You conjure some foxfire!
The foxfire hits the gnoll but does no damage.
The gnoll is heavily wounded.
The foxfire hits the gnoll.
The gnoll is heavily wounded.
The gnoll shoots a sling bullet.
The sling bullet closely misses you.
The gnoll shoots a sling bullet.
The sling bullet hits you!
Ouch! That really hurt!
You die...

###########
############.....^....
#.......g.............
#.#......###.######...
#...............#...
#..@...###.####.#...
#......# #.# #.#...
#......###.####.#...
(............∩.......
#.#........#+..._.....
...............⌠.......
..###.###†#.............
.. ## .g.#.............
#.###..###......(.


You could see a gnoll.

Vanquished Creatures
  2 dart slugs (D:1)
  An endoplasm (D:1)
  3 giant cockroaches (D:1)
  2 hobgoblins (D:1)
  A jackal (D:1)
  A kobold (D:1)
  A rat (D:1)
11 creatures vanquished.

Vanquished Creatures (others)
  47 foxfires (D:1)
47 creatures vanquished.

Grand Total: 58 creatures vanquished

Notes
Turn   | Place    | Note
-------+----------+-------------------------------------------
     0 | D:1      | retardedninja the Gargoyle Fire Elementalist began the
                  | quest for the Orb.
     0 | D:1      | Reached XP level 1. HP: 10/10 MP: 3/3
   151 | D:1      | Found a faded altar of an unknown god.
   175 | D:1      | Reached XP level 2. HP: 7/15 MP: 0/5
   497 | D:1      | Shot with a sling bullet by a gnoll

Illustrated notes

Levels and vault maps discovered:
D:1:      mainiacjoe_arrival_reflecting_pool, layout_basic,
          ebering_ecumenical_altar_abandoned, minmay_indecisive_spiral

Action                     || total
---------------------------++-------
  Melee: Unarmed           ||     1
   Cast: Foxfire           ||    27
 Armour: Robe              ||    10
  Dodge: Dodged            ||    12

Table legend: (Time is in decaauts)
 A = Elapsed time spent in this place.
 B = Non-inter-level travel time spent in this place.
 C = Inter-level travel time spent in this place.
 D = Time resting spent in this place.
 E = Time spent auto-exploring this place.
 F = Levels seen in this place.
 G = Mean time per level.
                   A        B        C        D        E       F      G
               +--------+--------+--------+--------+--------+-----+--------+
         Total |    497 |    497 |      0 |      0 |    384 |   1 |  497.0 |
       Dungeon |    497 |    497 |      0 |      0 |    384 |   1 |  497.0 |
               +--------+--------+--------+--------+--------+-----+--------+

Top non-repeatable levels by time:
     D:1: 497 daAuts
